 Dungeon Crawl Stone Soup version 0.30.0 (webtiles) character file.

Game seed: 8705216395398851706

1764850 senlim the Conqueror (level 27, 269/273 HPs)
             Began as a Minotaur Gladiator on June 1, 2023.
             Was an Elder of Okawaru.
             Escaped with the Orb
             ... and 3 runes on June 2, 2023!
             The game lasted 03:16:14 (64830 turns).

senlim the Conqueror (Minotaur Gladiator)          Turns: 64830, Time: 03:16:15

Health: 269/273    AC: 46    Str: 29      XL:     27
Magic:  37/37      EV: 20    Int:  8      God:    Okawaru [****..]
Gold:   6466       SH: 14    Dex: 20 (22) Spells: 26/26 levels left

rFire   + + +        j - +9 broad axe of Cheibriados's Esteem {flame, rPois Int+3}
rCold   + + .        y - +2 kite shield {reflect}
rNeg    + . .        T - +2 crystal plate armour "Teits" {+Blink rC+ rN+}
rPois   +            t - +2 hood of the Assassin {Detect Stab+ Stlth++}
rElec   +            U - +3 cloak of Okawaru's Condemnation {rF+ Will+ Str-5}
rCorr   .            E - +2 pair of gloves {Dex+3}
SInv    +            R - +1 pair of boots of the Armadillo {+Blink rPois SInv}
Will    +++..        w - amulet of regeneration Stlth
                     i - ring of Huwiux {Contam Fly rF+ rC+ Dex+8 Slay+2}
HPRegen 1.45/turn    O - ring of protection from fire
MPRegen 0.25/turn

%: reflection
@: flying
A: horns 2, retaliatory headbutt, deterioration 1, electricity resistance,
subdued magic 1
0: Orb of Zot
}: 3/15 runes: serpentine, barnacled, silver
a: Renounce Religion, Evoke Blink, Heroism, Finesse


You escaped.
You worshipped Okawaru.
Okawaru was greatly pleased with you.
You visited 12 branches of the dungeon, and saw 52 of its levels.
You visited 1 bazaar.
You also visited: Gauntlet and Ice Cave.

You collected 12486 gold pieces.
You spent 6020 gold pieces at shops.

Inventory:

Hand Weapons
 j - the +9 broad axe of Cheibriados's Esteem (weapon) {flame, rPois Int+3}
   (You took it off a deep elf pyromancer on level 3 of the Elven Halls)

   Int:       It affects your intelligence (+3).
   rPois:     It protects you from poison.
Missiles
 a - a datura-tipped dart
 d - 10 throwing nets
 q - 8 curare-tipped darts
 M - 41 javelins
 Y - 24 silver javelins (quivered)
Armour
 t - the +2 hood of the Assassin (worn) {Detect Stab+ Stlth++}
   (You found it on level 3 of the Shoals)

   Detect:    It allows the wearer to sense nearby creatures.
   Stab+:     It allows the wearer to make particularly effective stabbing
   attacks against helpless or unaware enemies with any weapon.
   Stlth:     It makes you much more stealthy.
 y - a +2 kite shield of reflection (worn)
 C - the +5 plate armour "Xubo" {Regen+}
   (You found it on level 3 of the Elven Halls)

   Regen:     It increases your rate of health regeneration.
 E - a +2 pair of gloves of dexterity (worn)
 F - a +2 cloak of willpower
 R - the +1 pair of boots of the Armadillo (worn) {+Blink rPois SInv}
   (Okawaru gifted it to you on level 9 of the Dungeon)

   rPois:     It protects you from poison.
   SInv:      It lets you see invisible.
   +Blink:    It lets you blink.
 T - the +2 crystal plate armour "Teits" (worn) {+Blink rC+ rN+}
   (Okawaru gifted it to you on level 3 of the Crypt)

   rC:        It protects you from cold.
   rN:        It protects you from negative energy.
   +Blink:    It lets you blink.
 U - the +3 cloak of Okawaru's Condemnation (worn) {rF+ Will+ Str-5}
   (Okawaru gifted it to you on level 5 of the Vaults)

   Str:       It affects your strength (-5).
   rF:        It protects you from fire.
   Will:      It increases your willpower.
Jewellery
 i - the ring of Huwiux (left hand) {Contam Fly rF+ rC+ Dex+8 Slay+2}
   (You found it in an ice cave)

   [ring of protection from cold]

   Dex:       It affects your dexterity (+8).
   Slay:      It affects your accuracy & damage with ranged weapons and melee
   (+2).
   rF:        It protects you from fire.
   rC:        It protects you from cold.
   Fly:       It grants you flight.
   Contam:    It causes magical contamination when unequipped.
 u - the ring of Discord {rN+++ Will+ rCorr Dex+4 Slay-3}
   (You acquired it on level 2 of the Orcish Mines)

   [ring of willpower]

   Dex:       It affects your dexterity (+4).
   Slay:      It affects your accuracy & damage with ranged weapons and melee
   (-3).
   rN:        It renders you almost immune to negative energy.
   rCorr:     It protects you from acid and corrosion.
   Will:      It increases your willpower.
 w - an amulet of regeneration (around neck)
 z - a ring of willpower
 O - a ring of protection from fire (right hand)
 P - the ring "Ykeiroda" {rC+ SInv}
   (You found it in an ice cave)

   [ring of protection from cold]

   rC:        It protects you from cold.
   SInv:      It lets you see invisible.
Wands
 e - a wand of roots (74)
 A - a wand of light (18)
 K - a wand of digging (20)
 L - a wand of polymorph (20)
 N - a wand of mindburst (88)
Scrolls
 b - 9 scrolls of vulnerability
 f - 6 scrolls of fog
 k - 20 scrolls of teleportation
 l - 16 scrolls of poison
 o - 7 scrolls of magic mapping
 v - 4 scrolls of silence
 x - 11 scrolls of fear
 B - 17 scrolls of immolation
 G - 3 scrolls of blinking
Potions
 g - 26 potions of curing
 h - 6 potions of resistance
 m - 11 potions of haste
 n - 11 potions of invisibility
 p - a potion of heal wounds
 r - 2 potions of ambrosia
 s - a potion of mutation
 H - 6 potions of magic
 I - 5 potions of cancellation
 J - 4 potions of attraction
 Q - 10 potions of might
 S - 7 potions of berserk rage
Miscellaneous
 D - a phial of floods
 W - a condenser vane


   Skills:
 O Level 27 Fighting
 - Level 18.0 Axes
 - Level 20.0 Throwing
 + Level 25.2 Armour
 + Level 24.4 Dodging
 - Level 10.0 Shields
 + Level 22.2 Invocations
 + Level 16.6 Evocations


You had 26 spell levels left.
You didn't know any spells.
Your spell library contained the following spells:

 Spells                   Type           Power      Damage    Failure   Level
 Apportation              Tloc           0%         N/A       99%         1
 Kiss of Death            Conj/Necr      0%         2d5       99%         1
 Necrotise                Necr           0%         1d4       99%         1
 Sandblast                Erth           0%         2d4       99%         1
 Sting                    Tmut/Pois      0%         1d3       99%         1
 Blink                    Tloc           0%         N/A       100%        2
 Ensorcelled Hibernation  Hex/Ice        0%         N/A       100%        2
 Lesser Beckoning         Tloc           0%         N/A       100%        2
 Momentum Strike          Conj/Tloc      0%         3d8       100%        2
 Passwall                 Tmut/Erth      0%         N/A       100%        2
 Poisonous Vapours        Pois/Air       0%         N/A       100%        2
 Sublimation of Blood     Necr           0%         N/A       100%        2
 Confusing Touch          Hex            0%         N/A       100%        3
 Dazzling Flash           Conj/Hex       0%         N/A       100%        3
 Frozen Ramparts          Ice            0%         1d1       100%        3
 Hailstorm                Conj/Ice       0%         3d3       100%        3
 Ignite Poison            Fire/Tmut/Pois 0%         N/A       100%        3
 Mephitic Cloud           Conj/Pois/Air  0%         N/A       100%        3
 Ozocubu's Armour         Ice            0%         N/A       100%        3
 Stone Arrow              Conj/Erth      0%         3d7       100%        3
 Swiftness                Air            0%         N/A       100%        3
 Teleport Other           Tloc           0%         N/A       100%        3
 Vampiric Draining        Necr           0%         2d6       100%        3
 Vhi's Electric Charge    Tloc/Air       0%         N/A       100%        3
 Volatile Blastmotes      Fire/Tloc      0%         2d10      100%        3
 Dispel Undead            Necr           0%         3d6       100%        4
 Ice Form                 Ice/Tmut       0%         N/A       100%        4
 Iskenderun's Mystic Bla  Conj/Tloc      0%         2d3       100%        4
 Manifold Assault         Tloc           0%         N/A       100%        4
 Olgreb's Toxic Radiance  Pois           0%         N/A       100%        4
 Passage of Golubria      Tloc           0%         N/A       100%        4
 Petrify                  Tmut/Erth      0%         N/A       100%        4
 Sticky Flame             Conj/Fire      0%         2d3       100%        4
 Agony                    Necr           0%         N/A       100%        5
 Alistair's Intoxication  Tmut/Pois      0%         N/A       100%        5
 Blade Hands              Tmut           0%         N/A       100%        5
 Borgnjor's Vile Clutch   Necr/Erth      0%         N/A       100%        5
 Freezing Cloud           Conj/Ice/Air   0%         6-21      100%        5
 Irradiate                Conj/Tmut      0%         3d11      100%        5
 Iskenderun's Battlesphe  Conj           0%         2d6       100%        5
 Metabolic Englaciation   Hex/Ice        0%         N/A       100%        5
 Silence                  Hex/Air        0%         N/A       100%        5
 Yara's Violent Unravell  Hex/Tmut       0%         3d3       100%        5
 Iron Shot                Conj/Erth      0%         9d1       100%        6
 Statue Form              Tmut/Erth      0%         N/A       100%        6
 Dragon Form              Tmut           0%         N/A       100%        7
 Storm Form               Tmut/Air       0%         N/A       100%        7
 Borgnjor's Revivificati  Necr           0%         N/A       100%        8
 Ignition                 Fire           0%         3d3       100%        8
 Maxwell's Capacitive Co  Air            0%         ∞         100%        8
 Necromutation            Tmut/Necr      0%         N/A       100%        8
 Death's Door             Necr           0%         N/A       100%        9
 Summon Small Mammal      Summ           Unusable   N/A       N/A         1
 Call Canine Familiar     Summ           Unusable   N/A       N/A         3
 Tukima's Dance           Hex            Unusable   N/A       N/A         3
 Summon Ice Beast         Ice/Summ       Unusable   N/A       N/A         4
 Summon Lightning Spire   Summ/Air       Unusable   N/A       N/A         4
 Summon Mana Viper        Hex/Summ       Unusable   N/A       N/A         5
 Simulacrum               Ice/Necr       Unusable   N/A       N/A         6
 Malign Gateway           Summ/Tloc      Unusable   N/A       N/A         7
 Spellforged Servitor     Conj/Summ      Unusable   N/A       N/A         7
 Dragon's Call            Summ           Unusable   N/A       N/A         9

Dungeon Overview and Level Annotations

Branches:
Dungeon (15/15)            Temple (1/1) D:4            Lair (5/5) D:9
 Shoals (4/4) Lair:3        Snake (4/4) Lair:2        Slime (1/5) Lair:4
    Orc (2/2) D:11            Elf (3/3) Orc:2        Vaults (5/5) D:13
  Crypt (3/3) Vaults:2       Tomb (0/3) Crypt:3      Depths (4/4) D:15
    Zot (5/5) Depths:4      IceCv (visited)         Gauntlet (visited)

Altars:
Ashenzari
Cheibriados
Dithmenos
Elyvilon
Fedhas
Gozag
Hepliaklqana
Kikubaaqudgha
Makhleb
Nemelex Xobeh
Okawaru
Qazlal
Ru
Sif Muna
Trog
Uskayaw
Vehumet
Wu Jian
Xom
Yredelemnul
Zin
The Shining One
Jiyva
Lugonu

Shops:
D:3 *   Orc:1 (   Orc:2 **::::?   Shoals:3 ?   Vaults:2 ([(   Vaults:3 :
Depths:1 *?(

Portals:
Hell: Depths:1 Depths:2 Depths:3 Depths:4
Abyss: Depths:3 Depths:4
Pandemonium: Depths:1 Depths:2 Depths:3
Ziggurat: Depths:1

Annotations:
Elf:2 3 runed translucent doors
Zot:3 3 runed translucent doors, Pongem's ghost, legendary MiAK


Innate Abilities, Weirdness & Mutations

You have a pair of horns on your head.
You reflexively headbutt those who attack you in melee.
Your body sometimes deteriorates upon taking damage.
You are resistant to electric shocks. (rElec)
Your spells are a little easier to cast, but a little less powerful.


Message History

* * * LOW HITPOINT WARNING * * *
The damnation engulfs the Brimstone Fiend.
The Brimstone Fiend completely resists.
You feel much better.
You block the Brimstone Fiend's attack. x2
The Brimstone Fiend hits you but does no damage.
Unknown command.
You feel much better.
You block the Brimstone Fiend's attack. x3
Unknown command.
You barely miss the Brimstone Fiend.
You headbutt the Brimstone Fiend, but do no damage.
The Brimstone Fiend is almost dead.
You hit the Brimstone Fiend but do no damage.
You headbutt the Brimstone Fiend.
The Brimstone Fiend is almost dead.
The Brimstone Fiend hits you.
The Brimstone Fiend hits you but does no damage.
The Brimstone Fiend completely misses you.
You slice the Brimstone Fiend!!
You kill the Brimstone Fiend!
Okawaru accepts your kill.
There is a stone staircase leading up here.
You start resting.
A demonspawn black sun and a lorocyproca come into view.
You fly upwards.
There is a stone staircase leading down here.
Unknown command.
(D) Dungeon (T) Temple (L) Lair (A) Shoals (P) Snake Pit (M) Slime Pits (O) Orcish Mines (E) Elven Halls (V) Vaults (C) Crypt (W) Tomb (U) Depths (H) Hell (Z) Zot
Where to? (Enter - D:14 @ (x,y), ? - help)
Okay, then.
There is a stone staircase leading up here.
You start resting.
An ice devil comes into view.
You fly upwards.
There is a stone staircase leading down here.
(D) Dungeon (T) Temple (L) Lair (A) Shoals (P) Snake Pit (M) Slime Pits (O) Orcish Mines (E) Elven Halls (V) Vaults (C) Crypt (W) Tomb (U) Depths (H) Hell (Z) Zot
Where to? (Enter - D:14 @ (x,y), ? - help)
Okay, then.
There is a stone staircase leading up here.
You start resting.
A balrug and 4 sun demons come into view.
The balrug is wielding a +1 demon whip of electrocution.
The sun demon shouts! x3
You fly upwards.
There is a stone staircase leading down here.
Unknown command.
(D) Dungeon (T) Temple (L) Lair (A) Shoals (P) Snake Pit (M) Slime Pits (O) Orcish Mines (E) Elven Halls (V) Vaults (C) Crypt (W) Tomb (U) Depths (H) Hell (Z) Zot
Where to? (Enter - D:12 @ (x,y), ? - help)
What level of the Dungeon? (default 1, ? - help)
A large abomination comes into view.
There is a stone staircase leading up here.
You fly upwards.
There is a stone staircase leading down here.
(D) Dungeon (T) Temple (L) Lair (A) Shoals (P) Snake Pit (M) Slime Pits (O) Orcish Mines (E) Elven Halls (V) Vaults (C) Crypt (W) Tomb (U) Depths (H) Hell (Z) Zot
Where to? (Enter - D:1 @ (x,y), ? - help)
What level of the Dungeon? (default 1, ? - help) HP restored.
A sun demon comes into view.
There is a stone staircase leading up here.
You fly upwards.
There is a stone staircase leading down here.
(D) Dungeon (T) Temple (L) Lair (A) Shoals (P) Snake Pit (M) Slime Pits (O) Orcish Mines (E) Elven Halls (V) Vaults (C) Crypt (W) Tomb (U) Depths (H) Hell (Z) Zot
Where to? (Enter - D:1 @ (x,y), ? - help)
What level of the Dungeon? (default 1, ? - help)
There is an escape hatch in the ceiling here.
A mysterious force pulls you upwards. The hatch slams shut behind you.
There is a stone staircase leading up here.
You fly upwards.
A sun demon comes into view.
There is a stone staircase leading down here.
You hit the sun demon.
The sun demon is lightly wounded.
You block the sun demon's attack.
You closely miss the sun demon. You headbutt the sun demon.
The sun demon is lightly wounded.
You block the sun demon's attack.
You slash the sun demon! Your headbutt misses the sun demon.
The sun demon is moderately wounded.
You slash the sun demon!
The sun demon is heavily wounded.
The sun demon closely misses you.
You slice the sun demon!!
You kill the sun demon!
Okawaru accepts your kill.
No target in view!
No target in view!
(D) Dungeon (T) Temple (L) Lair (A) Shoals (P) Snake Pit (M) Slime Pits (O) Orcish Mines (E) Elven Halls (V) Vaults (C) Crypt (W) Tomb (U) Depths (H) Hell (Z) Zot
Where to? (Enter - D:1 @ (x,y), ? - help)
What level of the Dungeon? (default 1, ? - help)
There is a stone staircase leading up here.
You fly upwards.
There is a stone staircase leading down here.
A blizzard demon comes into view.
You slice the blizzard demon!! You burn the blizzard demon.
The blizzard demon is heavily wounded.
You slash the blizzard demon! You burn the blizzard demon.
You headbutt the blizzard demon, but do no damage.
The blizzard demon is severely wounded.
The blizzard demon completely misses you.
You block the blizzard demon's attack.
You closely miss the blizzard demon.
The blizzard demon is severely wounded.
The blizzard demon closely misses you.
The blizzard demon hits you but does no damage.
You slice the blizzard demon!! You burn the blizzard demon!
You kill the blizzard demon!
Okawaru accepts your kill.
(D) Dungeon (T) Temple (L) Lair (A) Shoals (P) Snake Pit (M) Slime Pits (O) Orcish Mines (E) Elven Halls (V) Vaults (C) Crypt (W) Tomb (U) Depths (H) Hell (Z) Zot
Where to? (Enter - D:1 @ (x,y), ? - help)
What level of the Dungeon? (default 1, ? - help)
There is a stone staircase leading up here.
You fly upwards.
There is a stone staircase leading down here.
You see here a +0 halberd.
There is an open gate, spattered with blood here.
You sense a monster nearby.
No target in view!
No target in view!
A Hell Sentinel comes into view.
You hit the Hell Sentinel.
The Hell Sentinel is lightly wounded.
You slice the Hell Sentinel!!
You headbutt the Hell Sentinel, but do no damage.
The Hell Sentinel is lightly wounded.
The Hell Sentinel closely misses you. You block the Hell Sentinel's attack.
You slash the Hell Sentinel!
The Hell Sentinel is moderately wounded.
You block the Hell Sentinel's attack. The Hell Sentinel hits you!
There is an open gate, spattered with blood here.
There is a stone staircase leading down here.
The Hell Sentinel gestures at you.
The sphere of damnation explodes!
The damnation engulfs you!!! The Hell Sentinel gestures at you.
The sphere of damnation explodes!
The damnation engulfs you!!
Your body deteriorates!
You feel weakened.
The damnation engulfs the Hell Sentinel.
The Hell Sentinel completely resists.
You hit the Hell Sentinel.
You headbutt the Hell Sentinel, but do no damage.
The Hell Sentinel is moderately wounded.
You slash the Hell Sentinel!
You headbutt the Hell Sentinel, but do no damage.
The Hell Sentinel is moderately wounded.
The Hell Sentinel hits you but does no damage.
You block the Hell Sentinel's attack.
You slice the Hell Sentinel!!
You headbutt the Hell Sentinel, but do no damage.
The Hell Sentinel is heavily wounded.
The Hell Sentinel hits you but does no damage.
The Hell Sentinel completely misses you.
You hit the Hell Sentinel but do no damage.
You headbutt the Hell Sentinel, but do no damage.
The Hell Sentinel is heavily wounded.
You block the Hell Sentinel's attack.
The Hell Sentinel hits you but does no damage.
You slice the Hell Sentinel!!
You headbutt the Hell Sentinel, but do no damage.
The Hell Sentinel is heavily wounded.
The Hell Sentinel gestures at you.
The sphere of damnation explodes!
The damnation engulfs you!!
The damnation engulfs the Hell Sentinel.
The Hell Sentinel completely resists.
You slice the Hell Sentinel!! You headbutt the Hell Sentinel.
The Hell Sentinel is severely wounded.
You slice the Hell Sentinel!! You headbutt the Hell Sentinel!
You kill the Hell Sentinel!
Okawaru accepts your kill.
No target in view!
Unknown command.
There is a stone staircase leading down here.
You see here a +0 halberd.
An Orb Guardian comes into view.
A daeva comes into view.
It is wielding a +2 eudemon blade of holy wrath.
You see here a +0 halberd.
There is a stone staircase leading down here.
There is an open gate here.
Aiming: Dig
Press: ? - help, Q - select action, (/) - cycle Shift-Dir - straight line A rock wall.
This square is covered in magical glow.
The rock shatters into small pieces.
A hell beast comes into view.
You closely miss the hell beast. You headbutt the hell beast!!
The hell beast is moderately wounded.
The hell beast bites you but does no damage.
The hell beast misses you.
You barely miss the hell beast. Your headbutt misses the hell beast.
The hell beast is moderately wounded.
You block the hell beast's attack. The hell beast barely misses you.
You slash the hell beast! You burn the hell beast.
Your headbutt misses the hell beast.
The hell beast is moderately wounded.
You block the hell beast's attack. The hell beast misses you.
You block the hell beast's attack. The hell beast tramples you.
You are shoved backwards!
You miss the hell beast. You headbutt the hell beast.
The hell beast is heavily wounded.
You block the hell beast's attack. The hell beast completely misses you.
You slash the hell beast! You burn the hell beast!
Your headbutt misses the hell beast.
The hell beast is severely wounded.
The hell beast bites you. You block the hell beast's attack.
You hit the hell beast. You burn the hell beast.
The hell beast is severely wounded.
The hell beast bites you but does no damage.
The hell beast tramples you but does no damage.
You slice the hell beast!! You burn the hell beast!
You kill the hell beast!
Okawaru accepts your kill.
No target in view!
No target in view!
(D) Dungeon (T) Temple (L) Lair (A) Shoals (P) Snake Pit (M) Slime Pits (O) Orcish Mines (E) Elven Halls (V) Vaults (C) Crypt (W) Tomb (U) Depths (H) Hell (Z) Zot
Where to? (Enter - D:1 @ (x,y), ? - help)
What level of the Dungeon? (default 1, ? - help)
You sense a monster nearby.
No target in view! 2 golden eyes come into view.
The golden eye turns its gaze towards you. x2
The golden eye blinks at you. You resist with almost no effort.
The golden eye blinks at you. You resist with almost no effort.
You closely miss the golden eye. The golden eye blinks at you.
You resist with almost no effort. The golden eye blinks at you.
You easily resist.
You barely miss the golden eye. You headbutt the golden eye!
The golden eye is severely wounded.
The golden eye blinks!
You hit the golden eye. You burn the golden eye.
You kill the golden eye!
Okawaru accepts your kill.
No target in view!
Unknown command.
(D) Dungeon (T) Temple (L) Lair (A) Shoals (P) Snake Pit (M) Slime Pits (O) Orcish Mines (E) Elven Halls (V) Vaults (C) Crypt (W) Tomb (U) Depths (H) Hell (Z) Zot
Where to? (Enter - D:1 @ (x,y), ? - help)
What level of the Dungeon? (default 1, ? - help)
A golden eye comes into view.
The golden eye turns its gaze towards you.
The golden eye blinks at you. You resist with almost no effort.
The golden eye blinks at you. You resist with almost no effort.
The golden eye blinks at you. You resist with almost no effort.
A golden eye comes into view.
The golden eye turns its gaze towards you.
The golden eye blinks! x2
The golden eye blinks at you. You resist with almost no effort.
The golden eye blinks at you. You resist with almost no effort.
The golden eye blinks at you. You resist with some effort.
You closely miss the golden eye. You headbutt the golden eye!
You kill the golden eye!
Okawaru accepts your kill. The golden eye blinks at you.
You resist with almost no effort.
The golden eye blinks!
The golden eye blinks at you.
You easily resist.
You completely miss the golden eye. Your headbutt misses the golden eye.
A reaper comes into view. It is wielding a +7 scythe of venom.
The golden eye blinks at you. You resist with almost no effort.
Unknown command.
You slash the golden eye! You burn the golden eye.
You kill the golden eye!
Okawaru accepts your kill.
The golden eye blinks!
You block the reaper's attack.
The golden eye blinks!
You block the reaper's attack.
You hit the reaper but do no damage. You headbutt the reaper.
The reaper is lightly wounded.
You block the reaper's attack.
Unknown command.
You slice the reaper!! You burn the reaper. Your headbutt misses the reaper.
The reaper is moderately wounded.
The golden eye blinks!
You slice the reaper!! You burn the reaper!
You headbutt the reaper, but do no damage.
The reaper is almost dead.
You block the reaper's attack.
You slash the reaper! You burn the reaper.
You kill the reaper!
Okawaru accepts your kill.
No target in view!
The golden eye blinks at you.
You are confused.
The golden eye blinks at you. You resist with almost no effort.
You completely miss the golden eye. The golden eye blinks at you.
You resist with almost no effort.
You bump into the rock wall.
You're too confused to move!
The golden eye blinks at you. You resist with almost no effort.
You cut the golden eye into ribbons!!! You burn the golden eye.
You kill the golden eye!
Okawaru accepts your kill.
You feel less confused.
(D) Dungeon (T) Temple (L) Lair (A) Shoals (P) Snake Pit (M) Slime Pits (O) Orcish Mines (E) Elven Halls (V) Vaults (C) Crypt (W) Tomb (U) Depths (H) Hell (Z) Zot
Where to? (Enter - D:1 @ (x,y), ? - help)
What level of the Dungeon? (default 1, ? - help) HP restored.
There is a stone staircase leading up here.
You fly upwards.
There is a stone staircase leading down here.
There is a stone staircase leading up here.
You fly upwards.
There is a stone staircase leading down here.
A tormentor comes into view.
You slice the tormentor!! Your headbutt misses the tormentor.
The tormentor is almost dead.
You block the tormentor's attack. The tormentor barely misses you.
You closely miss the tormentor. You headbutt the tormentor.
You kill the tormentor!
Okawaru accepts your kill.
(D) Dungeon (T) Temple (L) Lair (A) Shoals (P) Snake Pit (M) Slime Pits (O) Orcish Mines (E) Elven Halls (V) Vaults (C) Crypt (W) Tomb (U) Depths (H) Hell (Z) Zot
Where to? (Enter - D:1 @ (x,y), ? - help)
What level of the Dungeon? (default 1, ? - help)
An Orb Guardian comes into view.
You throw a silver javelin.
The silver javelin pierces through the Orb Guardian!!!
The Orb Guardian is heavily wounded.
You throw a silver javelin.
The silver javelin hits the Orb Guardian and shatters for extra damage!!!
You kill the Orb Guardian!
Okawaru accepts your kill. Okawaru grants you throwing weapons!
Something appears at your feet!
You feel your strength returning.
No target in view!
No target in view!
(D) Dungeon (T) Temple (L) Lair (A) Shoals (P) Snake Pit (M) Slime Pits (O) Orcish Mines (E) Elven Halls (V) Vaults (C) Crypt (W) Tomb (U) Depths (H) Hell (Z) Zot
Where to? (Enter - D:1 @ (x,y), ? - help)
What level of the Dungeon? (default 1, ? - help)
Okay, then.
Y - 24 silver javelins (gained 1)
(D) Dungeon (T) Temple (L) Lair (A) Shoals (P) Snake Pit (M) Slime Pits (O) Orcish Mines (E) Elven Halls (V) Vaults (C) Crypt (W) Tomb (U) Depths (H) Hell (Z) Zot
Where to? (Enter - D:3 @ (x,y), ? - help)
What level of the Dungeon? (default 1, ? - help)
There is a stone staircase leading up here.
You fly upwards.
There is a stone staircase leading down here.
A blizzard demon comes into view.
You see here a +0 leather armour.
The blizzard demon gestures at you. The bolt of lightning misses you.
You carve the blizzard demon like a ham!!!
You burn the blizzard demon.
The blizzard demon is severely wounded.
You slice the blizzard demon!! You burn the blizzard demon.
You kill the blizzard demon!
Okawaru accepts your kill.
No target in view!
No target in view!
Unknown command.
No target in view!
(D) Dungeon (T) Temple (L) Lair (A) Shoals (P) Snake Pit (M) Slime Pits (O) Orcish Mines (E) Elven Halls (V) Vaults (C) Crypt (W) Tomb (U) Depths (H) Hell (Z) Zot
Where to? (Enter - D:1 @ (x,y), ? - help)
What level of the Dungeon? (default 1, ? - help)
You see here a +0 dagger.
There is a stone staircase leading up here.
You fly upwards.
There is a stone staircase leading down here.
Things that are here:
a +0 whip; 2 stones; a +0 whip You see here a +0 club.
An Orb Guardian comes into view.
You barely miss the Orb Guardian. You headbutt the Orb Guardian!
The Orb Guardian is lightly wounded.
You block the Orb Guardian's attack.
You closely miss the Orb Guardian. You headbutt the Orb Guardian!
The Orb Guardian is moderately wounded.
You block the Orb Guardian's attack.
You hit the Orb Guardian. You burn the Orb Guardian.
The Orb Guardian is moderately wounded.
You block the Orb Guardian's attack.
A Budwumif, a hellwing and a Hell Sentinel come into view.
You slice the Orb Guardian!! You burn the Orb Guardian.
You headbutt the Orb Guardian.
The Orb Guardian is severely wounded.
You block the Orb Guardian's attack.
You slash the Orb Guardian! You burn the Orb Guardian!
The Orb Guardian is almost dead.
The Orb Guardian hits you!
You hit the Orb Guardian. You burn the Orb Guardian.
You headbutt the Orb Guardian.
You kill the Orb Guardian!
Okawaru accepts your kill. The Hell Sentinel gestures at you.
The sphere of damnation explodes!
The damnation engulfs you!!!
Your body deteriorates!
You feel clumsy.
As you read the scroll of teleportation, it crumbles to dust.
You feel strangely unstable.
You feel the Orb delaying your translocation!
Budwumif hits you! Space warps around you.
Unknown command.
Unknown command.
Budwumif attacks as you move away! Budwumif closely misses you.
You furiously retaliate!
You headbutt Budwumif, but do no damage.
Unknown command.
Budwumif attacks as you move away! Budwumif misses you.
You block Budwumif's attack.
An Orb Guardian comes into view.
Unknown command.
The Orb Guardian moves out of view.
Unknown command.
Budwumif attacks as you move away! You block Budwumif's attack. x2
Unknown command.
Budwumif attacks as you move away! Budwumif hits you! Space warps around you.
Budwumif hits you! Space warps around you. Budwumif hits you!!
Your body deteriorates!
You feel clumsy.
Blink to where?
Press: ? - help, Q - select action, (/) - cycle Dir - move target
As you read the scroll of blinking, it crumbles to dust.
Your surroundings suddenly seem different.
(D) Dungeon (T) Temple (L) Lair (A) Shoals (P) Snake Pit (M) Slime Pits (O) Orcish Mines (E) Elven Halls (V) Vaults (C) Crypt (W) Tomb (U) Depths (H) Hell (Z) Zot
Where to? (Enter - D:1 @ (x,y), ? - help)
What level of the Dungeon? (default 1, ? - help)
You see here 6 stones.
An ice devil comes into view.
No target in view!
No target in view!
The ice devil hits you but does no damage.
You cut the ice devil into ribbons!!! You burn the ice devil!
You kill the ice devil!
Okawaru accepts your kill.
No target in view!
No target in view!
(D) Dungeon (T) Temple (L) Lair (A) Shoals (P) Snake Pit (M) Slime Pits (O) Orcish Mines (E) Elven Halls (V) Vaults (C) Crypt (W) Tomb (U) Depths (H) Hell (Z) Zot
Where to? (Enter - D:1 @ (x,y), ? - help)
What level of the Dungeon? (default 1, ? - help)
There is a staircase leading out of the dungeon here.
You start resting.
An Orb Guardian comes into view.
You slash the Orb Guardian! You burn the Orb Guardian.
Your headbutt misses the Orb Guardian.
The Orb Guardian is lightly wounded.
You chop the Orb Guardian into pieces!!!
You burn the Orb Guardian! You headbutt the Orb Guardian!
The Orb Guardian is almost dead.
The Orb Guardian hits you but does no damage.
You slice the Orb Guardian!! You burn the Orb Guardian.
You kill the Orb Guardian!
Okawaru accepts your kill.
No target in view!
You have escaped!

#....###...####'##
##.####.. #....#
#######'## #..#..#.
#....# #.#....##
###..##. #....#
##...#...# ###...
####.# #...###..###
###.# ##.# #..#####...#
##.... ###..#
##...####..####.....
#....#
#.....#.#...##...###
#....#
#..@..##..####..## #
#....#
##...##...###...## #
#....#
########.##[....###
#....# ##....#.....
#....# ###.###....
###### ### ##'## ###..
#####.## #'## #.#.
##...#..#####..######..
#..⌠...........##.###..


There were no monsters in sight!

Vanquished Creatures
  Khufu (Crypt:2)
  5 dread liches
  4 ancient liches (Zot:5)
  Mennas (Depths:4)
  6 orbs of fire
  Mara (Shoals:4)
  Boris (Vaults:3)
  Vv (Zot:4)
  Sojobo (Arena)
  A royal mummy (Crypt:1)
  Frederick (Vaults:4)
  9 Killer Klowns
  A caustic shrike (Depths:3)
  3 curse toes
  Saint Roka (Crypt:1)
  10 golden dragons
  2 bone dragons
  A doom hound (Crypt:1)
  A Brimstone Fiend (D:14)
  A Tzitzimitl (Depths:2)
  4 electric golems
  Zenata (Crypt:1)
  6 liches
  A Hell Sentinel (D:5)
  Rupert (D:13)
  28 Orb Guardians
  21 tentacled monstrosities
  A deep elf blademaster (Elf:3)
  2 walking frostbound tomes
  3 walking crystal tomes
  The ghost of Dadghomedgh the Thaumaturge, an adept GnHW of Sif Muna (Snake:2)
  8 titans
  10 quicksilver dragons
  8 ancient champions
  A deep elf master archer (Elf:3)
  2 krakens
  A walking divine tome (Depths:1)
  7 sphinxes
  7 death cobs
  11 shadow dragons
  9 tengu reavers
  Roxanne (Shoals:3)
  3 revenants
  Kirke (Snake:3)
  A rockslime (IceCv)
  12 storm dragons
  Ilsuiw (Shoals:4)
  6 draconian monks
  2 azure jellies (IceCv)
  A daeva (Zot:3)
  15 fire giants
  6 draconian knights
  4 nagarajas
  3 narguns (Depths:1)
  7 frost giants
  8 deep elf sorcerers
  17 vault wardens
  5 iron dragons
  7 deep elf elementalists (Elf:3)
  4 ghost moths
  7 ghouls
  5 draconian scorchers
  A balrug (Depths:1)
  An orc warlord (Vaults:2)
  5 draconian annihilators
  2 spriggan defenders
  Aizul (Snake:3)
  4 draconian stormcallers
  6 draconian shifters
  19 ironbound preservers
  3 ironbound thunderhulks
  3 reapers
  2 cacodemons (Depths:4)
  17 stone giants
  A caustic shrike skeleton (Crypt:3)
  23 very ugly things
  5 quicksilver oozes (IceCv)
  4 war gargoyles
  8 deep elf annihilators
  9 vampire knights
  14 green draconians
  12 black draconians
  12 deep elf demonologists
  8 yellow draconians
  A minotaur (Gauntlet)
  2 spectral hellephants (Crypt:1)
  A lorocyproca (Depths:3)
  8 dire elephants
  11 purple draconians
  10 white draconians
  17 red draconians
  2 spark wasps (Depths:1)
  2 crystal guardians (Vaults:1)
  3 blizzard demons
  2 mummy priests (Crypt:3)
  6 merfolk javelineers
  21 ettins
  18 merfolk impalers
  9 fire dragons
  15 yaktaur captains
  7 deep elf death magi
  5 great orbs of eyes
  3 entropy weavers
  6 eidola
  11 jiangshi
  7 deep elf high priests
  2 spectral elves (Crypt:1)
  A quicksilver dragon skeleton (Crypt:3)
  2 hell beasts
  A spriggan zombie (Crypt:3)
  34 vault guards
  6 ice dragons
  7 hydras
  An ogre mage (Vaults:5)
  A rakshasa (Depths:2)
  4 catoblepae
  A caustic shrike simulacrum (Crypt:3)
  4 spriggan air magi
  A jorogumo (shapeshifter) (Vaults:5)
  8 merfolk avatars
  A juggernaut simulacrum (Crypt:3)
  2 death knights (Crypt:1)
  2 salamander tyrants (Snake:4)
  3 peacekeepers
  22 anacondas
  A spriggan skeleton (Crypt:3)
  12 centaur warriors
  2 alligator snapping turtles (Shoals:4)
  The ghost of comradetweed the Basher, a journeyman GrMo of the Shining One (D:12)
  12 naga warriors
  A satyr (Shoals:3)
  8 boulder beetles
  3 merfolk aquamancers (Shoals:4)
  4 ironbound frosthearts
  8 two-headed ogres
  5 deep troll shamans
  2 deep troll earth magi
  9 tengu warriors
  19 dancing weapons
  4 orc high priests (Orc:2)
  5 naga sharpshooters
  8 spriggan berserkers
  7 death yaks (Lair:5)
  4 soul eaters
  7 shock serpents
  15 deep elf knights
  Urug (D:13)
  8 vampire magi
  6 hell knights
  8 skysharks
  A titan skeleton (Crypt:2)
  7 sun demons
  5 iron trolls
  2 sixfirhies (Depths:3)
  2 fire crabs (Shoals:4)
  12 shadow wraiths
  15 skeletal warriors
  2 orange crystal statues
  3 shadow demons (Depths:2)
  2 goliath frogs (Lair:5)
  7 salamander mystics
  52 deep trolls
  5 flayed ghosts
  6 sea snakes
  14 necromancers
  8 naga ritualists
  A bog body (Crypt:1)
  9 phantasmal warriors
  A bunyip skeleton (Crypt:2)
  12 wizards
  An iron giant zombie (Crypt:2)
  A spriggan simulacrum (Crypt:1)
  A harpy (shapeshifter) (Elf:2)
  8 orc knights
  24 ironbound convokers
  14 deep elf archers
  An obsidian statue (Depths:4)
  27 deep elf zephyrmancers
  An anaconda skeleton (Crypt:3)
  18 lindwurms
  48 ugly things
  A human zombie (Vaults:1)
  22 harpies
  A shadow dragon skeleton (Crypt:3)
  29 deep elf pyromancers
  10 cyclopes
  8 orc sorcerers
  17 mana vipers
  An oklob plant (Lair:4)
  14 fauns
  An iron dragon skeleton (Crypt:1)
  A goliath frog skeleton (Crypt:3)
  23 manticores
  26 moths of wrath
  20 salamanders
  A fire giant skeleton (Crypt:3)
  12 merfolk sirens
  3 centaur zombies
  4 frost giant skeletons
  4 guardian serpents (Snake:4)
  7 elephants
  40 black mambas
  A dire elephant zombie (Crypt:2)
  11 naga magi
  An orange demon (Depths:1)
  2 alligator snapping turtle zombies (Crypt:3)
  2 dire elephant skeletons (Crypt:1)
  22 vault sentinels
  2 rust devils
  20 cane toads
  3 smoke demons
  4 water nymphs
  A titan simulacrum (Crypt:3)
  2 apocalypse crabs (Shoals:1)
  A naga skeleton (Crypt:3)
  A pale draconian zombie (Crypt:2)
  3 gargoyles
  An ice statue (D:14)
  Maggie (D:8)
  A centaur skeleton (Crypt:3)
  2 anaconda simulacra
  A hellion (Depths:1)
  A kobold demonologist (D:10)
  2 rime drakes
  A yaktaur zombie (Vaults:3)
  5 efreet
  23 yaktaurs
  A yellow draconian zombie (Crypt:3)
  A golden dragon simulacrum (Crypt:3)
  10 freezing wraiths
  4 guardian mummies (Crypt:3)
  A white draconian skeleton (Crypt:3)
  2 tormentors
  5 komodo dragons
  2 harpy zombies
  3 ice devils
  A yaktaur skeleton (Vaults:3)
  A queen bee (shapeshifter) (D:13)
  4 tengu conjurers
  A polar bear (Lair:3)
  A tyrant leech (Lair:5)
  10 wind drakes
  3 red devils
  2 hellwings
  3 human skeletons
  35 merfolk
  12 trolls
  6 hornets
  3 harpy skeletons
  A tarantella (shapeshifter) (Depths:2)
  23 blink frogs
  An ettin zombie (Vaults:5)
  8 dream sheep (Shoals:3)
  A hydra skeleton (Crypt:1)
  An iron dragon simulacrum (Crypt:3)
  A snapping turtle (shapeshifter) (Depths:2)
  11 snapping turtles
  A jumping spider (Vaults:4)
  3 flying skulls (Gauntlet)
  2 centaur simulacra
  2 human simulacra
  4 shadows
  3 air elementals
  An ice dragon skeleton (Crypt:1)
  24 slime creatures
  An elf simulacrum (Vaults:3)
  A fire dragon skeleton (Crypt:3)
  12 wraiths
  3 wyverns
  23 water elementals
  7 fire elementals
  2 vampires
  An ettin skeleton (Crypt:1)
  6 spriggans
  2 ynoxinuls
  2 fire bats (Shoals:4)
  42 yaks
  6 basilisks
  3 hogs (Snake:3)
  An elf zombie (Vaults:4)
  2 ushabtiu (Crypt:3)
  10 vampire mosquitoes
  4 golden eyes (D:5)
  3 chaos spawn
  A wind drake skeleton (Crypt:2)
  18 humans
  A redback simulacrum (D:14)
  4 redbacks (Vaults:4)
  3 swamp worms (Gauntlet)
  2 wargs (Orc:2)
  35 nagas
  5 acid dragons
  29 water moccasins
  Duvessa (D:7)
  A glowing shapeshifter skeleton (Vaults:4)
  An ice beast (D:5)
  A swamp drake (Lair:1)
  4 great orb of eyes simulacra (IceCv)
  29 orc warriors
  A sky beast (D:8)
  An elephant zombie (Crypt:1)
  4 black bears
  11 ogres
  A snapping turtle zombie (Crypt:2)
  A swamp dragon zombie (Crypt:1)
  6 wolves
  20 centaurs
  5 slime creature simulacra (IceCv)
  A snapping turtle skeleton (Crypt:2)
  3 phantoms
  A hog skeleton (Crypt:1)
  17 bullfrogs
  3 kobold brigands
  3 necrophages (Crypt:3)
  A komodo dragon skeleton (Crypt:1)
  2 gnoll sergeants
  9 glowing shapeshifter simulacra (IceCv)
  An earth elemental (Elf:1)
  A demonspawn simulacrum (Crypt:2)
  Dowan (D:7)
  14 wights
  A yak zombie (Crypt:1)
  18 killer bees
  A raiju skeleton (Crypt:1)
  10 electric eels
  2 howler monkeys
  3 lava snakes (Lair:2)
  4 hounds
  A jelly (Gauntlet)
  20 orc priests
  3 gnoll boudas
  3 sleepcaps
  5 iguanas
  17 orc wizards
  7 hell rats (Lair:2)
  14 mummies
  A hound skeleton (Crypt:2)
  22 gnolls
  19 adders
  A howler monkey skeleton (Crypt:1)
  A shadow imp (D:6)
  A white imp (D:6)
  A worm (D:4)
  3 dart slugs
  77 orcs
  3 bats (D:1)
  10 endoplasms
  3 giant cockroaches
  4 goblins
  5 hobgoblins
  14 jackals
  4 quokkas
  9 ball pythons
  5 frilled lizards
  20 kobolds
  A kobold zombie (Crypt:3)
  4 rats
  A rat zombie (Crypt:2)
  A river rat skeleton (Crypt:3)
  A spectral orc (D:7)
  A bush (D:11)
  4 tentacles
2456 creatures vanquished.

Vanquished Creatures (others)
  A draconian knight (Zot:1)
  A white draconian (Zot:1)
  A rakshasa (Depths:2)
  A two-headed ogre (D:13)
  A soul eater (Depths:4)
  A deep elf knight (Elf:2)
  A sixfirhy (Depths:4)
  A sea snake (Shoals:4)
  A deep elf pyromancer (Elf:2)
  A wizard (D:13)
  3 moths of wrath (Zot:3)
  A naga (Snake:2)
  An orc wizard (Orc:1)
  28 fungi
  105 plants
  7 tentacles
155 creatures vanquished.

Grand Total: 2611 creatures vanquished

Notes
Turn   | Place    | Note
-------+----------+-------------------------------------------
     0 | D:1      | senlim the Minotaur Gladiator began the quest for the Orb.
     0 | D:1      | Reached XP level 1. HP: 18/18 MP: 0/0
   168 | D:1      | Reached XP level 2. HP: 17/25 MP: 1/1
   321 | D:1      | Reached skill level 3 in Fighting
   347 | D:1      | Reached XP level 3. HP: 31/31 MP: 2/2
  1102 | D:3      | Found Nug Gei's Assorted Antiques.
  1104 | D:3      | Bought a puce potion for 21 gold pieces
  1104 | D:3      | Bought 2 white potions for 43 gold pieces
  1104 | D:3      | Bought a yellow potion for 21 gold pieces
  1194 | D:3      | Reached XP level 4. HP: 34/38 MP: 3/3
  1408 | D:3      | Found a radiant altar of Vehumet.
  1516 | D:3      | Noticed a phantom
  1522 | D:3      | Killed a phantom
  1523 | D:3      | Reached XP level 5. HP: 46/46 MP: 4/4
  1896 | D:4      | Found an ancient bone altar of Kikubaaqudgha.
  1897 | D:4      | Noticed a black bear
  2022 | D:4      | Reached skill level 4 in Fighting
  2022 | D:4      | Found a staircase to the Ecumenical Temple.
  2044 | Temple   | Entered the Ecumenical Temple
  2049 | Temple   | Became a worshipper of Warmaster Okawaru
  2176 | D:4      | Reached skill level 5 in Axes
  2183 | D:4      | You fall into a shaft and drop 1 floor!
  2183 | D:5      | Entered Level 5 of the Dungeon
  2243 | D:4      | Reached XP level 6. HP: 16/53 MP: 5/5
  2670 | D:4      | Reached * piety under Okawaru
  2671 | D:4      | Reached skill level 5 in Dodging
  2958 | D:5      | Reached skill level 5 in Fighting
  2958 | D:5      | Reached XP level 7. HP: 53/61 MP: 6/6
  3500 | D:6      | Found a shadowy altar of Dithmenos.
  3608 | D:6      | Reached ** piety under Okawaru
  3645 | D:6      | Reached skill level 6 in Fighting
  3645 | D:6      | Reached skill level 5 in Throwing
  3645 | D:6      | Reached XP level 8. HP: 56/70 MP: 7/7
  3705 | D:6      | Found a bloodstained altar of Trog.
  3877 | D:6      | Found a sacrificial altar of Ru.
  3877 | D:6      | Found a glowing golden altar of the Shining One.
  3877 | D:6      | Found a stormy altar of Qazlal.
  3879 | D:6      | Noticed a two-headed ogre
  3880 | D:6      | Noticed a troll
  3881 | D:6      | Found a transporter.
  3881 | D:6      | Noticed a troll
  3896 | D:6      | Found a transporter.
  4449 | D:7      | Noticed a wizard
  4456 | D:7      | Reached skill level 7 in Fighting
  4458 | D:7      | Killed a wizard
  4458 | D:7      | Reached *** piety under Okawaru
  4459 | D:7      | Reached XP level 9. HP: 75/79 MP: 8/8
  4533 | D:7      | Noticed Duvessa
  4534 | D:7      | Noticed Dowan
  4628 | D:8      | Noticed Maggie
  4711 | D:8      | Killed Maggie
  4712 | D:8      | Reached skill level 8 in Fighting
  4754 | D:8      | Reached skill level 1 in Armour
  5023 | D:8      | Reached **** piety under Okawaru
  5278 | D:7      | Found a glowing silver altar of Zin.
  5278 | D:7      | Found a burning altar of Makhleb.
  5279 | D:7      | Noticed a balrug
  5279 | D:7      | Noticed an angel
  5344 | D:7      | Killed Dowan
  5352 | D:7      | Killed Duvessa
  5382 | D:7      | Found a hazy altar of Hepliaklqana.
  5795 | D:8      | Found a broken altar of Ashenzari.
  5924 | D:9      | Reached XP level 10. HP: 88/90 MP: 9/9
  6106 | D:9      | Reached skill level 9 in Fighting
  6118 | D:9      | Noticed an elephant
  6119 | D:9      | Found a staircase to the Lair.
  6153 | D:9      | Killed an elephant
  6247 | D:9      | Noticed a wizard
  6247 | D:9      | Noticed a cyclops
  6247 | D:9      | Noticed a centaur warrior
  6247 | D:9      | Noticed a manticore
  6308 | D:9      | Reached ***** piety under Okawaru
  6586 | D:9      | Noticed a cyclops
  6599 | D:9      | Killed a cyclops
  6599 | D:9      | Received a gift from Okawaru
  6600 | D:9      | Reached skill level 10 in Axes
  6605 | D:9      | Reached skill level 5 in Armour
  6605 | D:9      | Reached skill level 1 in Evocations
  6611 | D:9      | Killed a manticore
  6611 | D:9      | Identified the +1 pair of boots of the Armadillo {+Blink
                  | rPois SInv} (Okawaru gifted it to you on level 9 of the
                  | Dungeon)
  6611 | D:9      | Received a gift from Okawaru
  6712 | D:9      | Killed a centaur warrior
  6713 | D:9      | Reached skill level 10 in Fighting
  6713 | D:9      | Reached XP level 11. HP: 72/99 MP: 10/10
  6765 | D:9      | Noticed a centaur warrior
  6794 | D:10     | Entered Level 10 of the Dungeon
  6816 | D:10     | Got Sif Muna's Precepts of the Singularity
  7153 | D:10     | Noticed a two-headed ogre
  7161 | D:10     | Killed a two-headed ogre
  7468 | D:11     | Found a staircase to the Orcish Mines.
  7645 | D:11     | Found a shadowy altar of Dithmenos.
  8103 | D:11     | Got Ygaric's Exposition on Modification
  8236 | D:11     | Reached skill level 10 in Dodging
  8681 | D:9      | Killed a centaur warrior
  8681 | D:9      | Identified the +0 plate armour "Anin Jorph" {rPois Regen+
                  | rCorr} (Okawaru gifted it to you on level 9 of the Dungeon)
  8681 | D:9      | Received a gift from Okawaru
  8871 | Lair:1   | Entered Level 1 of the Lair of Beasts
  8985 | Lair:1   | Reached skill level 11 in Fighting
  9003 | Lair:1   | You fall into a shaft and drop 1 floor!
  9140 | Lair:1   | Reached XP level 12. HP: 102/110 MP: 11/11
  9632 | Lair:1   | Gained mutation: You are partially covered in iridescent
                  | scales. (AC +2) [potion of mutation]
  9632 | Lair:1   | Gained mutation: Your spells are a little harder to cast,
                  | but a little more powerful. [potion of mutation]
  9720 | Lair:1   | Received a gift from Okawaru
 10055 | Lair:2   | Received a gift from Okawaru
 10175 | Lair:2   | Found a staircase to the Snake Pit.
 10185 | Lair:2   | Identified the +0 shortbow "Dyiro" {flame, rElec rF- rC+
                  | Will+} (Okawaru gifted it to you on level 2 of the Lair of
                  | Beasts)
 10185 | Lair:2   | Received a gift from Okawaru
 10186 | Lair:2   | Reached skill level 5 in Evocations
 10391 | Lair:2   | Noticed a five-headed hydra
 10400 | Lair:2   | Killed a two-headed hydra
 10816 | Lair:3   | Reached skill level 10 in Throwing
 10858 | Lair:3   | Received a gift from Okawaru
 10859 | Lair:3   | Reached skill level 12 in Fighting
 10921 | Lair:3   | Noticed a catoblepas
 10930 | Lair:3   | Killed a catoblepas
 11135 | Lair:3   | Noticed a seven-headed hydra
 11144 | Lair:3   | Killed a three-headed hydra
 11469 | Lair:3   | Found a staircase to the Shoals.
 11518 | Lair:3   | Identified the +4 battleaxe "Meix" {protect, Str+5 Int-2
                  | Dex+3} (Okawaru gifted it to you on level 3 of the Lair of
                  | Beasts)
 11518 | Lair:3   | Received a gift from Okawaru
 11519 | Lair:3   | Reached XP level 13. HP: 87/118 MP: 12/12
 12012 | Lair:4   | Found a staircase to the Slime Pits.
 12013 | Lair:4   | Found a viscous altar of Jiyva.
 12874 | Lair:5   | Entered Level 5 of the Lair of Beasts
 12917 | Slime:1  | Entered Level 1 of the Pits of Slime
 12953 | Lair:5   | Received a gift from Okawaru
 13039 | Lair:5   | Reached skill level 10 in Armour
 13098 | Lair:5   | Reached skill level 13 in Fighting
 13102 | Lair:5   | Received a gift from Okawaru
 13277 | Lair:5   | Reached skill level 1 in Invocations
 13464 | Lair:5   | Reached XP level 14. HP: 129/129 MP: 14/14
 13546 | Lair:5   | Identified the +3 robe "Qiaczic" {Will+}
 13604 | Lair:5   | Received a gift from Okawaru
 13692 | Lair:5   | Reached ****** piety under Okawaru
 13890 | Lair:5   | Received a gift from Okawaru
 14530 | D:3      | Bought a scroll labelled ERGHADDINNO for 24 gold pieces
 15309 | D:13     | Received a gift from Okawaru
 15320 | D:13     | Found the +8 frozen axe "Frostbite" {freeze, freezing
                  | cloud, *Noise Fly rC+}
 15409 | D:13     | Noticed Rupert
 15410 | D:13     | Found a gate to the Vaults.
 15410 | D:13     | Noticed Urug
 15547 | D:14     | Received a gift from Okawaru
 15567 | D:14     | Identified the +7 war axe "Goblinslayer" {heavy, Int+3}
 15681 | D:14     | Found a frozen archway.
 15692 | IceCv    | Entered an ice cave
 15794 | IceCv    | Noticed a quicksilver ooze
 15797 | IceCv    | Killed a quicksilver ooze
 15815 | IceCv    | Noticed a quicksilver ooze
 15825 | IceCv    | Killed a quicksilver ooze
 15931 | IceCv    | Noticed a quicksilver ooze
 15936 | IceCv    | Killed a quicksilver ooze
 15936 | IceCv    | Noticed an azure jelly
 15937 | IceCv    | Reached skill level 14 in Fighting
 15961 | IceCv    | Killed an azure jelly
 15995 | IceCv    | Found a viscous altar of Jiyva.
 16001 | IceCv    | Noticed a rockslime
 16001 | IceCv    | Noticed an azure jelly
 16018 | IceCv    | Killed an azure jelly
 16018 | IceCv    | Killed a rockslime
 16066 | IceCv    | Got the ring of Huwiux {Contam Fly rF+ rC+ Dex+8 Slay+2}
 16073 | IceCv    | Identified the +4 ice dragon scales of the Robin {rPois rF-
                  | rC++ rN+ Int+2 Stlth-}
 16366 | IceCv    | Noticed a quicksilver ooze
 16373 | IceCv    | Killed a quicksilver ooze
 16401 | IceCv    | Noticed a quicksilver ooze
 16406 | IceCv    | Killed a quicksilver ooze
 16407 | IceCv    | Reached XP level 15. HP: 138/138 MP: 14/17
 16430 | IceCv    | Identified the ring "Domaihim" {Ice rPois rN+ Str+5}
 16435 | IceCv    | Got the ring "Ykeiroda" {rC+ SInv}
 16528 | D:14     | Reached skill level 1 in Shields
 16721 | D:14     | Identified the +6 scale mail "Assadait" {rElec} (Okawaru
                  | gifted it to you on level 14 of the Dungeon)
 16721 | D:14     | Received a gift from Okawaru
 17120 | D:14     | Found a sparkling altar of Nemelex Xobeh.
 17318 | D:13     | Reached skill level 5 in Invocations
 17329 | D:13     | Killed Urug
 17369 | D:13     | Identified the +1 scale mail of the Protecting Gods {Harm
                  | rN+}
 17587 | D:12     | Found a runed translucent gate.
 17587 | D:12     | Found a runed translucent gate.
 17587 | D:12     | Found a runed translucent gate.
 17910 | Orc:1    | Entered Level 1 of the Orcish Mines
 18040 | Orc:1    | Found Hemaote's Antique Weapon Emporium.
 18243 | Orc:2    | Entered Level 2 of the Orcish Mines
 18243 | Orc:2    | Found Sith's Book Shop.
 18290 | Orc:2    | Found Cianiopi's Magic Scroll Boutique.
 18308 | Orc:2    | Bought a scroll of acquirement for 780 gold pieces
 18308 | Orc:2    | Bought a scroll of identify for 30 gold pieces
 18308 | Orc:2    | Bought a scroll of identify for 30 gold pieces
 18308 | Orc:2    | Bought a scroll of blinking for 112 gold pieces
 18308 | Orc:2    | Bought a scroll of brand weapon for 142 gold pieces
 18308 | Orc:2    | Bought a scroll of blinking for 112 gold pieces
 18521 | Orc:2    | Found Zilutzua's Book Emporium.
 18521 | Orc:2    | Found Goshryat's General Store.
 18523 | Orc:2    | Found Keqaill's Book Emporium.
 18523 | Orc:2    | Found Cuymiq's Book Boutique.
 18535 | Orc:2    | Bought a wand of roots (5) for 192 gold pieces
 18535 | Orc:2    | Bought a scroll of identify for 32 gold pieces
 18541 | Orc:2    | Acquired the +8 broad axe of Impermanence {flame, Fragile
                  | rElec SInv}
 18543 | Orc:2    | Acquired 922 gold pieces
 18578 | Orc:2    | Bought a scroll of acquirement for 780 gold pieces
 18579 | Orc:2    | Acquired the ring of Discord {rN+++ Will+ rCorr Dex+4
                  | Slay-3}
 18634 | Orc:2    | Found a staircase to the Elven Halls.
 18667 | Orc:2    | Found Veoxtuitoo's Assorted Antiques.
 18680 | Orc:2    | Bought a potion of might for 152 gold pieces
 18725 | Orc:2    | Found a runed translucent door.
 19360 | D:12     | Noticed comradetweed's ghost (journeyman GrMo)
 19708 | D:12     | Killed comradetweed's ghost
 19838 | D:15     | Entered Level 15 of the Dungeon
 19938 | D:15     | Found a gate leading to a gauntlet.
 19943 | Gauntlet | Entered a Gauntlet
 19943 | Gauntlet | Found a transporter.
 19943 | Gauntlet | Found a transporter.
 19944 | Gauntlet | Found a transporter.
 19947 | Gauntlet | Found a transporter.
 19959 | Gauntlet | Found a transporter.
 19961 | Gauntlet | Found a transporter.
 19974 | Gauntlet | Found a transporter.
 19980 | Gauntlet | Found a transporter.
 19988 | Gauntlet | Found a transporter.
 19993 | Gauntlet | Found a transporter.
 19995 | Gauntlet | Found a transporter.
 20011 | Gauntlet | Found a transporter.
 20331 | Gauntlet | Identified the +1 buckler of Okawaru's Condemnation {*Slow
                  | rF++ rCorr Stlth+} (Okawaru gifted it to you in a Gauntlet)
 20331 | Gauntlet | Received a gift from Okawaru
 20711 | D:15     | Reached skill level 15 in Axes
 20890 | D:15     | Found a staircase to the Depths.
 21548 | Snake:1  | Entered Level 1 of the Snake Pit
 21619 | Snake:1  | Reached XP level 16. HP: 147/147 MP: 19/19
 21681 | Snake:1  | Reached skill level 5 in Shields
 22133 | Snake:1  | Reached skill level 15 in Fighting
 22670 | Snake:2  | Received a gift from Okawaru
 22938 | Snake:2  | Acquired 1104 gold pieces
 22968 | Snake:2  | Found a large runed translucent door.
 22968 | Snake:2  | Found a large runed translucent door.
 22974 | Snake:2  | Noticed Dadghomedgh's ghost (adept GnHW)
 23255 | Snake:3  | Noticed Aizul
 23266 | Snake:3  | Killed Aizul
 23266 | Snake:3  | Received a gift from Okawaru
 23389 | Snake:3  | Found a runed translucent gate.
 23389 | Snake:3  | Found a runed translucent gate.
 23389 | Snake:3  | Found a runed translucent gate.
 23529 | Snake:3  | Noticed Kirke
 23540 | Snake:3  | Killed Kirke
 23806 | Snake:3  | Received a gift from Okawaru
 23806 | Snake:3  | Found the +16 obsidian axe {drain, demonic, Mesm Drain Fly
                  | SInv}
 24004 | Snake:4  | Entered Level 4 of the Snake Pit
 24212 | Snake:4  | Reached XP level 17. HP: 141/157 MP: 21/21
 24429 | Snake:4  | Reached skill level 10 in Evocations
 24461 | Snake:4  | Received a gift from Okawaru
 25284 | Snake:4  | Reached skill level 16 in Fighting
 25296 | Snake:4  | Received a gift from Okawaru
 25302 | Snake:4  | Reached skill level 15 in Dodging
 25421 | Snake:4  | Got a serpentine rune of Zot
 25631 | Shoals:1 | Entered Level 1 of the Shoals
 26523 | Shoals:1 | Found a runed translucent door.
 26757 | Shoals:1 | Noticed a tentacled monstrosity
 26762 | Shoals:1 | Killed a tentacled monstrosity
 26762 | Shoals:1 | Identified the +1 buckler of Somisar {rC++ Str+3 Dex-3}
                  | (Okawaru gifted it to you on level 1 of the Shoals)
 26762 | Shoals:1 | Received a gift from Okawaru
 26814 | Shoals:1 | Identified the ring of the Snail {Ice Dex+2}
 26822 | Shoals:1 | Noticed a kraken
 26829 | Shoals:1 | Killed a kraken
 27447 | Shoals:2 | Reached XP level 18. HP: 155/168 MP: 23/23
 27852 | Shoals:2 | Found a runed translucent door.
 28243 | Shoals:2 | Acquired a manual of Throwing
 28297 | Shoals:3 | Found Bieg's Magic Scroll Shop.
 28301 | Shoals:3 | Identified Roxanne's Tome of Tephra
 28301 | Shoals:3 | Noticed Roxanne
 28316 | Shoals:3 | Received a gift from Okawaru
 28333 | Shoals:3 | Killed Roxanne
 28345 | Shoals:3 | Bought a scroll of poison for 40 gold pieces
 28345 | Shoals:3 | Bought a scroll of vulnerability for 40 gold pieces
 28345 | Shoals:3 | Bought a scroll of noise for 10 gold pieces
 28345 | Shoals:3 | Bought a scroll of teleportation for 30 gold pieces
 28345 | Shoals:3 | Bought a scroll of teleportation for 30 gold pieces
 28345 | Shoals:3 | Bought a scroll of fear for 40 gold pieces
 28345 | Shoals:3 | Bought a scroll of enchant armour for 75 gold pieces
 28345 | Shoals:3 | Bought a scroll of magic mapping for 75 gold pieces
 28450 | Shoals:3 | Found the +2 hood of the Assassin {Detect Stab+ Stlth++}
 28495 | Shoals:3 | Received a gift from Okawaru
 28609 | Shoals:3 | Identified the +6 battleaxe of Grandeur {spect, rCorr Str+2
                  | Int-3 Dex+3} (Okawaru gifted it to you on level 3 of the
                  | Shoals)
 28609 | Shoals:3 | Received a gift from Okawaru
 29086 | Shoals:4 | Entered Level 4 of the Shoals
 29231 | Shoals:4 | Reached skill level 10 in Shields
 29289 | Shoals:4 | Reached skill level 15 in Armour
 29333 | Arena    | Entered the Arena
 29387 | Shoals:4 | Reached skill level 17 in Fighting
 29434 | Shoals:4 | Noticed Ilsuiw
 29463 | Shoals:4 | Killed Ilsuiw
 29632 | Shoals:4 | Noticed Mara
 29641 | Shoals:4 | Killed Mara
 29641 | Shoals:4 | Received a gift from Okawaru
 29764 | Shoals:4 | Reached skill level 15 in Throwing
 29838 | Shoals:4 | Reached skill level 10 in Invocations
 30142 | Shoals:4 | Received a gift from Okawaru
 30201 | Shoals:4 | Got a barnacled rune of Zot
 30625 | Vaults:1 | Entered Level 1 of the Vaults
 30676 | Vaults:1 | Received a gift from Okawaru
 30809 | Vaults:1 | Reached XP level 19. HP: 170/177 MP: 17/25
 30883 | Vaults:1 | Received a gift from Okawaru
 31038 | Vaults:1 | Received a gift from Okawaru
 32524 | Vaults:1 | Reached skill level 18 in Fighting
 32781 | Vaults:2 | Found Gozag's Antique Weapon Shoppe.
 32809 | Vaults:2 | Found an opulent altar of Gozag.
 32809 | Vaults:2 | Found Gozag's Antique Armour Shoppe.
 32824 | Vaults:2 | Found Gozag's Antique Weapon Emporium.
 32856 | Vaults:2 | Bought a pair of glowing gloves for 750 gold pieces
 32964 | Vaults:2 | Received a gift from Okawaru
 33078 | Vaults:2 | Found a staircase to the Crypt.
 33092 | Vaults:2 | Received a gift from Okawaru
 33188 | Vaults:2 | Received a gift from Okawaru
 33435 | Vaults:2 | Found a gateway to a bazaar.
 33523 | Vaults:2 | Reached XP level 20. HP: 189/189 MP: 27/27
 33858 | Vaults:2 | Identified the +3 falchion "Giz Bej" {freeze, rPois rN+
                  | Dex+3}
 34332 | Bazaar   | Entered a bazaar
 34336 | Bazaar   | Found Qezingy's General Store.
 34342 | Bazaar   | Bought a potion of resistance for 90 gold pieces
 34353 | Bazaar   | Found Anutemio's Book Shoppe.
 34364 | Bazaar   | Found Lujie's General Store.
 34379 | Bazaar   | Bought a wand of polymorph (3) for 46 gold pieces
 34379 | Bazaar   | Bought a scroll of teleportation for 33 gold pieces
 34379 | Bazaar   | Bought a scroll of enchant armour for 82 gold pieces
 34417 | Bazaar   | Found Lichar's Book Emporium.
 34511 | Bazaar   | Bought a scroll of immolation for 36 gold pieces
 34511 | Bazaar   | Bought a wand of digging (2) for 75 gold pieces
 34531 | Bazaar   | Bought a scroll of vulnerability for 44 gold pieces
 34791 | Vaults:3 | Noticed Boris
 34796 | Vaults:3 | Found Yreacu's Book Emporium.
 34808 | Vaults:3 | Killed Boris
 34845 | Vaults:3 | Bought a manual of Fighting for 1360 gold pieces
 35082 | Vaults:3 | Reached skill level 19 in Fighting
 35469 | Vaults:3 | Received a gift from Okawaru
 35981 | Vaults:4 | Noticed Frederick
 36023 | Vaults:4 | Received a gift from Okawaru
 36363 | Elf:1    | Entered Level 1 of the Elven Halls
 36720 | Elf:1    | Received a gift from Okawaru
 36920 | Elf:1    | Reached skill level 20 in Fighting
 36946 | Elf:1    | Received a gift from Okawaru
 37110 | Arena    | Entered the Arena
 37117 | Arena    | Received a gift from Okawaru
 38008 | Elf:2    | Received a gift from Okawaru
 38049 | Elf:2    | Found a runed translucent gate.
 38049 | Elf:2    | Found a runed translucent gate.
 38052 | Elf:2    | Found a runed translucent gate.
 38379 | Elf:3    | Entered Level 3 of the Elven Halls
 38430 | Elf:3    | Paralysed by an air elemental for 1 turns
 38446 | Elf:3    | Found a shimmering blue altar of Sif Muna.
 38580 | Elf:3    | Reached XP level 21. HP: 181/202 MP: 29/29
 39316 | Elf:3    | Received a gift from Okawaru
 39340 | Elf:3    | Reached skill level 21 in Fighting
 39385 | Elf:3    | Received a gift from Okawaru
 39433 | Elf:3    | Received a gift from Okawaru
 39437 | Arena    | Entered the Arena
 39510 | Elf:3    | Identified the +6 scimitar "Faseaq" {antimagic, +Blink
                  | Str+6 Int-5 SInv}
 39522 | Elf:3    | Identified the ring "Siesixam" {rF+ rN+ Will- Str+4 Dex+3}
 39522 | Elf:3    | Identified the +9 broad axe of Cheibriados's Esteem {flame,
                  | rPois Int+3}
 39578 | Elf:3    | Identified the staff of air "Kosinuosk" {rElec rN+ Will+
                  | Int+2 Dex-3}
 39589 | Elf:3    | Identified the +3 great sword of Rang {drain, *Rage rElec
                  | rF+ rCorr}
 39590 | Elf:3    | Identified the +5 plate armour "Xubo" {Regen+}
 39631 | Elf:3    | Identified the staff of earth "Dirazxer" {*Corrode +Blink
                  | Str+3}
 39659 | Elf:3    | Identified the +9 plate armour "Vaorheb" {Drain rElec rCorr
                  | Int+5}
 39697 | Elf:3    | Identified the +5 scimitar of Aluxus {flame, rCorr Stlth+}
 40126 | Depths:1 | Entered Level 1 of the Depths
 40163 | Depths:1 | Found Wojuomag's Weapon Shoppe.
 40165 | Depths:1 | Found Bovetur's Magic Scroll Emporium.
 40171 | Depths:1 | Found Ofis's General Store.
 40176 | Depths:1 | Bought a scroll of magic mapping for 165 gold pieces
 40176 | Depths:1 | Bought a scroll of teleportation for 66 gold pieces
 40176 | Depths:1 | Bought a scroll of fear for 88 gold pieces
 40176 | Depths:1 | Bought a scroll of silence for 209 gold pieces
 40176 | Depths:1 | Bought a scroll of magic mapping for 165 gold pieces
 40575 | Depths:1 | Identified the +0 pair of boots "Foip" {Rampage Dex+3}
                  | (Okawaru gifted it to you on level 1 of the Depths)
 40575 | Depths:1 | Received a gift from Okawaru
 40579 | Depths:1 | Reached skill level 22 in Fighting
 40624 | Depths:1 | Found a gateway to Hell.
 40756 | Depths:1 | Found a one-way gate leading to the halls of Pandemonium.
 40852 | Depths:1 | Found a one-way gateway to a ziggurat.
 40901 | Depths:1 | Identified the +5 double sword "Suin Beh" {elec, rN+ Dex+5}
 41807 | Depths:2 | Reached XP level 22. HP: 209/217 MP: 31/31
 42064 | Depths:2 | Noticed Sojobo
 42075 | Depths:2 | Paralysed by an air elemental for 1 turns
 42077 | Arena    | Entered the Arena
 42088 | Arena    | Killed Sojobo
 42495 | Depths:2 | Reached skill level 23 in Fighting
 42528 | Depths:2 | Identified the +1 battleaxe "Hycel" {flame, rElec rPois
                  | rCorr} (Okawaru gifted it to you on level 2 of the Depths)
 42528 | Depths:2 | Received a gift from Okawaru
 42540 | Depths:2 | Found a shadowy altar of Dithmenos.
 42540 | Depths:2 | Found the +2 cloak of the Thief {*Fog Slay-2 SInv Stlth+}
 42863 | Depths:3 | Found a one-way gate to the infinite horrors of the Abyss.
 43419 | Depths:3 | Noticed a caustic shrike
 43426 | Depths:3 | Killed a caustic shrike
 43504 | Depths:3 | Reached skill level 15 in Invocations
 43509 | Depths:3 | Identified the +3 chain mail of the Bursting Gods {rElec}
                  | (Okawaru gifted it to you on level 3 of the Depths)
 43509 | Depths:3 | Received a gift from Okawaru
 43626 | Depths:3 | Identified the +3 trident of Sunlight {heavy, rF- Will+++
                  | MP+9 Str+3}
 43879 | Depths:4 | Entered Level 4 of the Depths
 44261 | Depths:4 | Found a gate to the Realm of Zot.
 44468 | Depths:4 | Noticed Mennas
 44507 | Depths:4 | Killed Mennas
 44544 | Depths:4 | Reached skill level 24 in Fighting
 44544 | Depths:4 | Reached XP level 23. HP: 229/229 MP: 33/33
 44677 | Depths:4 | Found a corrupted altar of Lugonu.
 44993 | Depths:4 | Found a hide-covered altar of Uskayaw.
 45152 | Depths:4 | Gained mutation: Armour fits poorly on your strangely
                  | shaped body. [a cacodemon]
 45657 | Vaults:4 | Killed Frederick
 45657 | Vaults:4 | Received a gift from Okawaru
 46075 | Vaults:4 | Identified the +3 battleaxe "Nocuseiffa" {freeze, Dex+3}
                  | (Okawaru gifted it to you on level 4 of the Vaults)
 46075 | Vaults:4 | Received a gift from Okawaru
 46554 | Vaults:5 | Entered Level 5 of the Vaults
 46658 | Vaults:5 | Received a gift from Okawaru
 46662 | Vaults:5 | Identified the +6 scale mail "Woosuti" {Rampage rC+}
 46855 | Vaults:5 | Identified the +3 war axe of Pestilence {speed, Str+4}
 46955 | Vaults:5 | Identified the staff of conjuration "Nanunuc" {*Corrode
                  | rF+++ rN+ Stlth+}
 46996 | Vaults:5 | Received a gift from Okawaru
 47070 | Vaults:5 | Received a gift from Okawaru
 47218 | Vaults:5 | Reached XP level 24. HP: 185/240 MP: 34/34
 47219 | Vaults:5 | Identified the +3 cloak of Okawaru's Condemnation {rF+
                  | Will+ Str-5} (Okawaru gifted it to you on level 5 of the
                  | Vaults)
 47219 | Vaults:5 | Received a gift from Okawaru
 47330 | Vaults:5 | Got Wykkusk's Tome of Direction
 47642 | Vaults:5 | Identified the +0 plate armour of the Apothecary {Dex+3}
 47647 | Vaults:5 | Got Xoulumed's Vellum of the Quantum Commander
 47727 | Vaults:5 | Reached skill level 25 in Fighting
 48108 | Vaults:5 | Identified the +4 falchion of the Tundras {vamp, Str+3}
 48111 | Vaults:5 | Got a silver rune of Zot
 48121 | Vaults:5 | Identified the +0 leather armour of the Sacrificial Victim
                  | {rPois Dex+2 Slay+3}
 48122 | Vaults:5 | Identified the +5 mace "Ewix" {flame, Will+ Str+3}
 48490 | D:13     | Killed Rupert
 48857 | Snake:2  | Killed Dadghomedgh's ghost
 49160 | Crypt:1  | Entered Level 1 of the Crypt
 49208 | Crypt:1  | Noticed Zenata
 49228 | Crypt:1  | Killed Zenata
 49593 | Crypt:1  | Noticed Saint Roka
 49618 | Crypt:1  | Killed Saint Roka
 49897 | Crypt:1  | Received a gift from Okawaru
 50115 | Crypt:2  | Noticed Khufu
 50151 | Crypt:2  | Noticed a royal mummy
 50168 | Crypt:1  | Killed a royal mummy
 50611 | Crypt:2  | Noticed a dread lich
 50636 | Crypt:2  | Killed a dread lich
 50655 | Crypt:2  | Received a gift from Okawaru
 51099 | Crypt:2  | Killed Khufu
 51281 | Crypt:3  | Entered Level 3 of the Crypt
 51658 | Crypt:3  | Found a staircase to the Tomb.
 51663 | Crypt:3  | Received a gift from Okawaru
 51740 | Crypt:2  | Found a basalt altar of Yredelemnul.
 51823 | Crypt:3  | Reached XP level 25. HP: 75/251 MP: 31/35
 52011 | Crypt:3  | Identified the +2 crystal plate armour "Teits" {+Blink rC+
                  | rN+} (Okawaru gifted it to you on level 3 of the Crypt)
 52011 | Crypt:3  | Received a gift from Okawaru
 52046 | Crypt:3  | Found a basalt altar of Yredelemnul.
 52071 | Crypt:3  | Found an ancient bone altar of Kikubaaqudgha.
 52177 | Crypt:3  | Got the Octavo of Darkness
 52179 | Crypt:3  | Got the Grimoire of Combined Open Graves
 52180 | Crypt:3  | Identified the ring of Fedhas's Felicitations {Fire Will-
                  | Int-3 Dex+5}
 52957 | Zot:1    | Entered Level 1 of the Realm of Zot
 53396 | Zot:1    | Noticed a Killer Klown
 53396 | Zot:1    | Noticed a Killer Klown
 53447 | Zot:1    | Killed a Killer Klown
 53497 | Zot:1    | Killed a Killer Klown
 53507 | Zot:1    | Reached skill level 26 in Fighting
 54166 | Zot:1    | Noticed an orb of fire
 54421 | Zot:1    | Received a gift from Okawaru
 54876 | Arena    | Entered the Arena
 55939 | Zot:3    | Received a gift from Okawaru
 56059 | Zot:3    | Identified the +1 robe of the Bulwark {Regen+ Dex+2}
 56289 | Zot:3    | Noticed an orb of fire
 56292 | Zot:3    | Gained mutation: You are strong-willed. (Will+) [an orb of
                  | fire]
 56299 | Zot:3    | Gained mutation: You occasionally lose the ability to drink
                  | potions when taking damage. [an orb of fire]
 56300 | Zot:3    | Gained mutation: You are agile. (Dex +4, Str/Int -1) [an
                  | orb of fire]
 56301 | Zot:3    | Gained mutation: You have hidden genetic defects. [an orb
                  | of fire]
 56302 | Zot:3    | Gained mutation: Your body sometimes deteriorates upon
                  | taking damage. [an orb of fire]
 56304 | Zot:3    | Gained mutation: You are vulnerable to heat. (rF-) [an orb
                  | of fire]
 56313 | Zot:3    | Killed an orb of fire
 56313 | Zot:3    | Received a gift from Okawaru
 56315 | Zot:3    | Lost mutation: Your spells are a little harder to cast, but
                  | a little more powerful. [potion of mutation]
 56315 | Zot:3    | Lost mutation: Your body sometimes deteriorates upon taking
                  | damage. [potion of mutation]
 56316 | Zot:3    | Lost mutation: Armour fits poorly on your strangely shaped
                  | body. [potion of mutation]
 56316 | Zot:3    | Lost mutation: You are vulnerable to heat. (rF-) [potion of
                  | mutation]
 56316 | Zot:3    | Lost mutation: You are strong-willed. (Will+) [potion of
                  | mutation]
 56316 | Zot:3    | Gained mutation: You sometimes lose your temper in combat.
                  | [potion of mutation]
 56316 | Zot:3    | Gained mutation: You have a pair of large horns on your
                  | head. [potion of mutation]
 56316 | Zot:3    | Gained mutation: Your muscles are strong. (Str +4, Int/Dex
                  | -1) [potion of mutation]
 56317 | Zot:3    | Lost mutation: You have hidden genetic defects. [potion of
                  | mutation]
 56317 | Zot:3    | Lost mutation: You have a pair of large horns on your head.
                  | [potion of mutation]
 56317 | Zot:3    | Gained mutation: You are somewhat resistant to further
                  | mutation. [potion of mutation]
 56323 | Zot:3    | Lost mutation: You are agile. (Dex +4, Str/Int -1) [potion
                  | of mutation]
 56323 | Zot:3    | Lost mutation: You occasionally lose the ability to drink
                  | potions when taking damage. [potion of mutation]
 56323 | Zot:3    | Gained mutation: Your spells are a little harder to cast,
                  | but a little more powerful. [potion of mutation]
 56323 | Zot:3    | Gained mutation: You have a pair of large horns on your
                  | head. [potion of mutation]
 56323 | Zot:3    | Gained mutation: Your mind is acute. (Int +4, Str/Dex -1)
                  | [potion of mutation]
 56324 | Zot:3    | Lost mutation: Your muscles are strong. (Str +4, Int/Dex
                  | -1) [potion of mutation]
 56324 | Zot:3    | Lost mutation: Your mind is acute. (Int +4, Str/Dex -1)
                  | [potion of mutation]
 56324 | Zot:3    | Lost mutation: You are partially covered in iridescent
                  | scales. (AC +2) [potion of mutation]
 56324 | Zot:3    | Lost mutation: You sometimes lose your temper in combat.
                  | [potion of mutation]
 56514 | Arena    | Entered the Arena
 56790 | Zot:3    | Reached XP level 26. HP: 247/264 MP: 34/36
 56799 | Zot:3    | Received a gift from Okawaru
 56889 | Zot:3    | Received a gift from Okawaru
 57009 | Zot:3    | Found a runed translucent gate.
 57010 | Zot:3    | Found a runed translucent gate.
 57010 | Zot:3    | Found a runed translucent gate.
 57010 | Zot:3    | Noticed a dread lich
 57010 | Zot:3    | Noticed Pongem's ghost (legendary MiAK)
 57011 | Zot:3    | Found an ancient bone altar of Kikubaaqudgha.
 57011 | Zot:3    | Noticed an ancient lich
 57011 | Zot:3    | Noticed an ancient lich
 57011 | Zot:3    | Noticed an ancient lich
 57146 | Zot:3    | Noticed an orb of fire
 57167 | Zot:3    | Killed an orb of fire
 57167 | Zot:3    | Received a gift from Okawaru
 57859 | Zot:4    | Received a gift from Okawaru
 57873 | Zot:4    | Reached skill level 15 in Evocations
 58179 | Zot:4    | Noticed Vv
 58182 | Zot:4    | Identified the +12 crystal plate armour of Charity {rElec
                  | rCorr Stlth-} (Okawaru gifted it to you on level 4 of the
                  | Realm of Zot)
 58182 | Zot:4    | Received a gift from Okawaru
 58200 | Zot:4    | Killed Vv
 58956 | Zot:5    | Entered Level 5 of the Realm of Zot
 59916 | Zot:5    | Noticed an orb of fire
 59959 | Zot:5    | Reached skill level 27 in Fighting
 60322 | Zot:5    | Noticed a dread lich
 60338 | Zot:5    | Killed a dread lich
 60434 | Zot:5    | Noticed an ancient lich
 60442 | Zot:5    | Killed an ancient lich
 60463 | Zot:5    | Noticed an orb of fire
 60465 | Zot:5    | Lost mutation: You are somewhat resistant to further
                  | mutation. [an orb of fire]
 60478 | Zot:5    | Gained mutation: Armour fits poorly on your strangely
                  | shaped body. [an orb of fire]
 60487 | Zot:5    | Killed an orb of fire
 60624 | Zot:5    | Noticed an ancient lich
 60640 | Zot:5    | Killed an ancient lich
 61446 | Zot:5    | Gained mutation: You occasionally lose the ability to read
                  | scrolls when taking damage. [an orb of fire]
 61458 | Zot:5    | Killed an orb of fire
 61465 | Zot:5    | Received a gift from Okawaru
 61466 | Zot:5    | Lost mutation: You have a pair of large horns on your head.
                  | [potion of mutation]
 61466 | Zot:5    | Lost mutation: Your spells are a little harder to cast, but
                  | a little more powerful. [potion of mutation]
 61466 | Zot:5    | Gained mutation: You are weak. (Str -2) [potion of
                  | mutation]
 61466 | Zot:5    | Gained mutation: You are somewhat resistant to further
                  | mutation. [potion of mutation]
 61467 | Zot:5    | Lost mutation: You are weak. (Str -2) [potion of mutation]
 61467 | Zot:5    | Lost mutation: You are somewhat resistant to further
                  | mutation. [potion of mutation]
 61467 | Zot:5    | Gained mutation: Your spells are a little easier to cast,
                  | but a little less powerful. [potion of mutation]
 61468 | Zot:5    | Lost mutation: You occasionally lose the ability to read
                  | scrolls when taking damage. [potion of mutation]
 61468 | Zot:5    | Lost mutation: Armour fits poorly on your strangely shaped
                  | body. [potion of mutation]
 61468 | Zot:5    | Gained mutation: You expend magic power (3 MP) to
                  | strengthen your wands. [potion of mutation]
 61468 | Zot:5    | Gained mutation: Your flesh is cold resistant. (rC+)
                  | [potion of mutation]
 61468 | Zot:5    | Gained mutation: You are somewhat resistant to further
                  | mutation. [potion of mutation]
 61507 | Zot:5    | Reached XP level 27. HP: 273/273 MP: 36/36
 61510 | Zot:5    | Noticed an orb of fire
 61510 | Zot:5    | Noticed a dread lich
 61510 | Zot:5    | Noticed a dread lich
 62161 | Zot:5    | Killed a dread lich
 62168 | Zot:5    | Noticed an ancient lich
 62169 | Zot:5    | Noticed an orb of fire
 62407 | Zot:5    | Killed an ancient lich
 62407 | Zot:5    | Received a gift from Okawaru
 62570 | Zot:5    | Gained mutation: You occasionally lose the ability to read
                  | scrolls when taking damage. [an orb of fire]
 62571 | Zot:5    | Gained mutation: Your body sometimes deteriorates upon
                  | taking damage. [an orb of fire]
 62574 | Zot:5    | Gained mutation: You are clumsy. (Dex -2) [an orb of fire]
 62576 | Zot:5    | Killed an orb of fire
 62585 | Zot:5    | Lost mutation: You occasionally lose the ability to read
                  | scrolls when taking damage. [potion of mutation]
 62585 | Zot:5    | Lost mutation: You expend magic power (3 MP) to strengthen
                  | your wands. [potion of mutation]
 62585 | Zot:5    | Lost mutation: You are somewhat resistant to further
                  | mutation. [potion of mutation]
 62585 | Zot:5    | Lost mutation: Your flesh is cold resistant. (rC+) [potion
                  | of mutation]
 62585 | Zot:5    | Gained mutation: You are resistant to electric shocks.
                  | (rElec) [potion of mutation]
 62585 | Zot:5    | Lost mutation: You are clumsy. (Dex -2) [potion of
                  | mutation]
 62585 | Zot:5    | Gained mutation: You possess an exceptional clarity of
                  | mind. [potion of mutation]
 62968 | Zot:5    | Killed a dread lich
 63128 | Zot:5    | Noticed a dread lich
 63145 | Zot:5    | Paralysed by a dread lich for 4 turns
 63153 | Zot:5    | Killed a dread lich
 63153 | Zot:5    | Received a gift from Okawaru
 63633 | Zot:5    | Lost mutation: You possess an exceptional clarity of mind.
                  | [an orb of fire]
 63640 | Zot:5    | Killed an orb of fire
 63699 | Zot:5    | Noticed an ancient lich
 63705 | Zot:5    | Received a gift from Okawaru
 63708 | Zot:5    | Killed an ancient lich
 63920 | Zot:5    | Got the Orb of Zot
 64188 | Depths:1 | Received a gift from Okawaru
 64676 | D:3      | Received a gift from Okawaru
 64735 | D:1      | Noticed Budwumif the pandemonium lord
 64830 | D:$      | Escaped with the Orb!

Illustrated notes

Levels and vault maps discovered:
D:1:      dpeg_cavernosity, layout_rooms, minmay_crystal_room,
          minmay_tetromino_l2
D:2:      layout_rooms, dk_vineyard_3
D:3:      layout_loops_ring, nicolae_vehumet_altar_sigil, serial_shops,
          nicolae_shop_statue_plus, kennysheep_flooded_box,
          hangedman_decor_lopped
D:4:      layout_basic, mainiacjoe_overflow_concentric_impassable,
          minmay_temple_entry_crystal_x, columned_hall_lemuel,
          chequers_serial_rivers_small_3
D:5:      layout_loops_cross, kennysheep_windowed_goal
D:6:      layout_rooms, trog_three_pillars_becter,
          gammafunk_temple_overflow_arena, lemuel_round_altar
D:7:      cheibrodos_wizards_tower, layout_loops_cross,
          grunt_temple_overflow_order_and_chaos_2,
          nicolae_hepliaklqana_monster_ancestors, uniq_duvessa
D:8:      layout_cave_pools, ashenzari_altar_1, uniq_maggie
D:9:      layout_cave_pods, david_lair_generic, minivault_28
D:10:     layout_cave_pools
D:11:     layout_roguey, orc_0_dummy, special_room [special_room_orc],
          nicolae_zen_rock_garden, kb_lookout_dungeons_type,
          grunt_dithmenos_smoke_and_mirrors
D:12:     layout_basic, ebering_ghost_rock_garden
D:13:     layout_basic, david_vaults_3, minmay_pinched_square
D:14:     layout_cave_pods, portal_ice_cave_entry_ice_statue_one,
          nemelex_spade_bored_becter
D:15:     grunt_enter_depths_hoard, layout_basic, nicolae_twisting_strands,
          gauntlet_entry_generic
Temple:   minmay_freezing_vapour_temple
Lair:1:   lemuel_reptile_caves, layout_regular_city,
          nicolae_quartered_pool_little, minivault_23, serial_bayou_pond_e,
          infiniplex_staircase_pool_2
Lair:2:   layout_regular_city, nicolae_snake_entry_warm_welcome,
          serial_bayou_shore_b, grunt_megastairs_1, lemuel_fruit_fields
Lair:3:   layout_cellular_growth, minmay_shoals_entry_hut,
          nicolae_lair_lindhole, grunt_megastairs_3
Lair:4:   layout_cave_pods, slime_entry_1, amcnicky_mini_pool_medium
Lair:5:   minmay_lair_end_frog_pond, layout_regular_city
Shoals:1: dreamdust_from_the_deep, layout_shoals,
          nicolae_shoals_square_sea_wall, lightli_airlock
Shoals:2: nicolae_shoals_offshore_bank_account, layout_shoals, ldierk_geyser,
          nicolae_shoals_elemental_ambush
Shoals:3: layout_shoals, nicolae_stop_n_shop_2, uniq_roxanne
Shoals:4: shoals_end_simple, layout_shoals, shoals_ilsuiw_ice,
          hangedman_shoal_volcano, uniq_mara
Snake:1:  layout_grid_shapes, grunt_ministairs_7, grunt_megastairs_5
Snake:2:  layout_cave_shapes, ebering_ghost_disaster_area
Snake:3:  layout_misc_corridors, nicolae_snake_horde_hoard, uniq_kirke,
          uniq_aizul
Snake:4:  snake_pit_salamanders_mu, layout_misc_corridors,
          chequers_hall_statues_wall_a
Slime:1:  layout_caves
Orc:1:    layout_caves, serial_shops, nicolae_shop_statue_plus, basic_altar
Orc:2:    grunt_orc_tribal_feast, layout_diamond_mine, serial_shops,
          shop_statue, shop, shop, lightli_church_of_beogh
Elf:1:    nicolae_elf_arrival_fired_up, layout_loops_corners,
          hangedman_elf_represent, minivault_28
Elf:2:    nicolae_elf_blades_splatter_lattice [nooodl_blade_entry_preview],
          layout_loops_ring, billiards_dpeg, uniq_asterion
Elf:3:    minmay_elf_hall_x, layout_geoelf_castle, serial_co_window_serial,
          co_window_paths_b, co_window_paths_a, co_window_paths_a,
          co_window_paths_b, co_window_paths_b, co_window_2corner,
          co_window_of_opportunity_c, co_window_broadway_a,
          co_window_unsneaky_path_e, co_window_corner_b, glass_columns_a,
          glass_columns_b, glass_columns_b, basic_altar
Vaults:1: nicolae_vaults_cochlea, nicolae_vaults_closet_pinwheel_3,
          hangedman_vaults_stitches, nicolae_vaults_network_barrier, v_rooms_5,
          nicolae_vaults_apartment_2, v_misc_13, ontoclasm_vaults_fault,
          nicolae_vaults_steering_wheel, nicolae_vaults_windows_and_doors_thing,
          nicolae_vaults_house_1, nicolae_vaults_little_squares_3,
          nicolae_vaults_trapezoid_layered, vaults_dpeg_diagonal,
          nicolae_vaults_house_2, vaults_room_grid, layout_vaults_maze_bifur
Vaults:2: minmay_crypt_entry_simple_corners, hangedman_vaults_river_flow,
          kennysheep_vaults_gozag_temple, v_alt_pattern_5,
          vaults_dpeg_emergency_exit, nicolae_vaults_network_square,
          vaults_room_door_ring, nicolae_vaults_storage_room_statues,
          nicolae_vaults_theta, nicolae_vaults_trapezoid_lopsided_1,
          layout_vaults_omnigrid, serial_shops, statue_bzr
Vaults:3: nicolae_vaults_network_periphery, v_rooms_5,
          nicolae_vaults_yaktaur_gun_rack, nicolae_vaults_two_Ls,
          vaults_room_ringed_pool, nicolae_vaults_asterisk,
          hangedman_vaults_stretched_pinwheel, nicolae_vaults_hexular_roomagon,
          nicolae_vaults_little_squares_4, layout_vaults_big_cross,
          serial_shops, shop, uniq_boris
Vaults:4: nicolae_vaults_wrenched, grunt_vaults_hallway_long, v_misc_5,
          vaults_room_boxed, v_misc_18, v_pattern_2,
          nicolae_vaults_crenellated_ambush,
          nicolae_vaults_variable_pillar_hall, v_rooms_2,
          nicolae_vaults_little_squares_3, nicolae_vaults_little_ls,
          layout_vaults_ring, uniq_frederick, uniq_margery
Vaults:5
Crypt:1:  layout_basic, nicolae_crypt_small_crypt, beargit_elvish_explorers,
          uniq_zenata, uniq_saint_roka
Crypt:2:  grunt_deathspiral_small, layout_basic, due_unseen_surprise,
          lemuel_upstairs_altar, uniq_khufu
Crypt:3:  lightli_unholy_cathedral, layout_chaotic_city,
          nicolae_tomb_entry_unfolded_pyramid_diagonal
Depths:1: layout_basic, enter_ziggurat_f, hangedman_coc_ice_floe,
          rand_demon_pan_entry_8, glass_columns_a, nicolae_rock_paper_scissors,
          minmay_shop_star
Depths:2: regret_index_dithmenos_brocken_genspenst, layout_cave_pools,
          kennysheep_decorative_pillar, pf_hell_entry_great_geh, pan_entry,
          uniq_sojobo
Depths:3: minmay_broken_ring, layout_cave_pools,
          nicolae_concentric_dashed_squares_wild, grunt_pan_entry_in_and_out,
          abyss_entry_crystal, hell_entry, grunt_ministairs_8,
          infiniplex_staircase_x
Depths:4: grunt_crosshair, layout_gridlike, hangedman_decor_slide_cut,
          abyss_entry_flame_altar, grunt_hell_entry_demonic_statue,
          dancing_weapons_uskayaw, uniq_mennas
Zot:1:    grunt_zot_stairs_faceoff, layout_gridlike, st_small_dragon_hoard_5,
          nrook_zot_tub
Zot:2:    layout_cathedral_of_symmetry
Zot:3:    lemuel_halls_of_wrath, layout_basic, gammafunk_ghost_crypt
Zot:4:    layout_cathedral_of_symmetry, zot_minivault_3, uniq_vv
Zot:5:    layout_misc_corridors

Skill      XL: |  1  2  3  4  5  6  7  8  9 10 11 12 13 14 15 16 17 18 19 20 21 22 23 24 25 26 27 |
---------------+----------------------------------------------------------------------------------+-----
Axes           | 4 5 6 8 9 10 11 12 13 14 15 16 17 18 | 18.0
Fighting       | 3 4 5 6 7 8 10 11 12 13 14 15 16 17 18 20 22 24 25 26 27 | 27.0
Dodging        | 4 5 6 7 8 9 10 11 12 13 14 15 16 17 18 19 20 21 22 23 24 | 24.4
Throwing       | 3 4 5 6 7 8 9 10 11 12 13 15 16 18 19 20 | 20.0
Armour         | 3 5 7 9 10 11 12 13 14 15 16 18 19 20 21 22 23 24 25 | 25.2
Evocations     | 2 4 5 7 8 9 10 12 13 14 15 16 | 16.6
Invocations    | 1 4 6 7 9 10 11 13 14 15 16 18 20 21 22 | 22.2
Shields        | 4 7 9 10 | 10.0

Action                     |  1- 3 |  4- 6 |  7- 9 | 10-12 | 13-15 | 16-18 | 19-21 | 22-24 | 25-27 || total
---------------------------+-------+-------+-------+-------+-------+-------+-------+-------+-------++-------
  Melee: War axe           |    94 |    72 |   209 |   474 |   890 |   964 |       |       |       ||  2703
         Headbutt          |    11 |    11 |    56 |   135 |   246 |   272 |   388 |   626 |   569 ||  2314
         Unarmed           |       |       |     3 |       |       |       |       |       |       ||     3
         Scimitar          |       |       |       |     9 |    16 |       |       |       |       ||    25
         Broad axe         |       |       |       |       |    16 |    75 |  1285 |  1745 |  1525 ||  4646
  Throw: Javelin           |     1 |       |     5 |    22 |    23 |    44 |    48 |    48 |    29 ||   220
         Throwing net      |       |       |     1 |     1 |       |     1 |       |       |       ||     3
         Boomerang         |       |       |       |       |    10 |       |       |       |       ||    10
 Invoke: Heroism           |       |       |     3 |     5 |    19 |    18 |    12 |    11 |    12 ||    80
         Finesse           |       |       |       |     1 |     5 |    12 |     8 |     9 |     7 ||    42
         Duel              |       |       |       |       |       |     1 |     2 |     1 |     2 ||     6
  Evoke: Wand              |       |       |     3 |    11 |     6 |       |     1 |     5 |     4 ||    30
    Use: Scroll            |       |       |     4 |     6 |    31 |     9 |     6 |     5 |    12 ||    73
         Potion            |       |       |     1 |     2 |     1 |     2 |     5 |     6 |    20 ||    37
   Stab: Confused          |       |       |       |     2 |       |       |     2 |       |       ||     4
         Invisible         |       |       |       |       |       |       |     1 |       |       ||     1
         Distracted        |       |       |       |       |       |       |     1 |       |       ||     1
 Armour: Leather armour    |    33 |    17 |    10 |       |       |       |       |       |       ||    60
         Chain mail        |       |       |    62 |   131 |       |       |       |       |       ||   193
         Plate armour      |       |       |       |   147 |   576 |   306 |   291 |   492 |   183 ||  1995
         Crystal plate arm |       |       |       |       |       |       |       |       |   406 ||   406
  Dodge: Dodged            |    68 |    42 |   138 |   336 |   748 |   912 |   637 |   972 |   763 ||  4616
         Repelled          |       |       |     2 |     7 |    12 |    38 |       |       |       ||    59
  Block: Kite shield       |       |       |       |    38 |   530 |   877 |   654 |  1062 |   798 ||  3959
         Reflection        |       |       |       |       |       |    50 |    67 |    26 |     8 ||   151
